 Dungeon Crawl Stone Soup version 0.19.1 (webtiles) character file.

2 Yawgmoth the Firebug (level 1, -1/15 HPs)
             Began as a Draconian Fire Elementalist on Dec 11, 2016.
             Slain by a hobgoblin
             ... wielding a +0 club
              (4 damage)
             ... on level 1 of the Dungeon.
             The game lasted 00:05:40 (78 turns).

Yawgmoth the Firebug (Draconian Fire Elementalist)    Turns: 78, Time: 00:05:41

Health: -1/15      AC:  4    Str: 10    XL:     1   Next: 33%
Magic:  0/3        EV: 12    Int: 15    God:
Gold:   0          SH:  0    Dex: 11    Spells: 1 memorised, 3 levels left

rFire  . . .     SeeInvis .     (no weapon)
rCold  . . .     Gourm    .     (armour unavailable)
rNeg   . . .     Faith    .     (no shield)
rPois  .         Spirit   .     (helmet restricted)
rElec  .         Reflect  .     (no cloak)
rCorr  .         Harm     .     (no gloves)
MR     .....                    (no boots)
Stlth  ++........               (no amulet)
                                (no ring)
                                (no ring)

@: very slightly contaminated
A: unfitting armour, cold-blooded, AC +4
a: no special abilities


You were on level 1 of the Dungeon.
You were not hungry.

You visited 1 branch of the dungeon, and saw 1 of its levels.

Inventory:

Books
 a - a book of Flames
Comestibles
 b - a bread ration {@e1}


   Skills:
 + Level 0.4 Fighting
 - Level 1.7 Dodging
 - Level 1.7 Stealth
 + Level 0.2 Unarmed Combat
 - Level 2.0 Spellcasting
 - Level 1.0 Conjurations
 - Level 3.0 Fire Magic


You had 3 spell levels left.
You knew the following spells:

 Your Spells              Type           Power        Failure   Level  Hunger
a - Flame Tongue          Conj/Fire      #....        12%         1    #......


Dungeon Overview and Level Annotations

Branches:
Dungeon (1/15)

Altars:


Innate Abilities, Weirdness & Mutations

Your plain brown scales are hard. (AC +4)
You cannot fit into any form of body armour.
You are cold-blooded and may be slowed by cold attacks.


Message History

The flame tongue misses the ball python.
The hobgoblin shouts!
The ball python bites you but does no damage.
The ball python grabs you. The ball python constricts you.
You now have 2/3 mp.
You don't know that spell.
You don't know that spell.
Unknown command.
Aim: a ball python (constricting you)
You miscast Flame Tongue.
You are very lightly contaminated with residual magic.
The air around you crackles with energy!
The ball python bites you. The ball python constricts you.
You take 2 damage, and have 12/14 hp.
You now have 1/3 mp.
Aim: a ball python (constricting you)
The flame tongue hits the ball python.
You kill the ball python!
The frilled lizard closely misses you.
You now have 0/3 mp.
You don't know that spell.
You completely miss the frilled lizard. The frilled lizard barely misses you.
You hit the giant cockroach but do no damage.
The giant cockroach bites you.
The giant cockroach bites you but does no damage.
The frilled lizard bites you but does no damage.
You take 2 damage, and have 10/14 hp.
You hit the giant cockroach but do no damage.
The giant cockroach barely misses you. The frilled lizard bites you.
You take 1 damage, and have 9/14 hp.
You hit the giant cockroach but do no damage.
The giant cockroach closely misses you. The frilled lizard barely misses you.
You hit the giant cockroach but do no damage.
The giant cockroach misses you. The frilled lizard closely misses you.
You barely miss the giant cockroach.
You tail-slap the giant cockroach, but do no damage.
The giant cockroach misses you. The frilled lizard closely misses you.
You barely miss the giant cockroach.
Your tail-slap misses the giant cockroach.
The giant cockroach bites you but does no damage.
The giant cockroach barely misses you. The frilled lizard closely misses you.
You barely miss the giant cockroach.
Your tail-slap misses the giant cockroach.
The giant cockroach barely misses you. The frilled lizard closely misses you.
You hit the giant cockroach.
The giant cockroach bites you but does no damage.
The frilled lizard barely misses you.
You hit the giant cockroach but do no damage.
Your tail-slap misses the giant cockroach.
The giant cockroach barely misses you. The frilled lizard barely misses you.
You barely miss the giant cockroach. The giant cockroach barely misses you.
The frilled lizard bites you but does no damage.
You barely miss the giant cockroach. The giant cockroach bites you.
The giant cockroach barely misses you.
The frilled lizard bites you but does no damage.
You take 1 damage, and have 8/14 hp.
You are too injured to fight recklessly!
You are too injured to fight recklessly!
You are too injured to fight recklessly!
Aim: a frilled lizard You miscast Flame Tongue.
Lukewarm flames ripple over your body. The giant cockroach misses you.
The frilled lizard closely misses you.
You now have 0/3 mp.
You are too injured to fight recklessly!
You are too injured to fight recklessly!
You are too injured to fight recklessly!
You hit the frilled lizard but do no damage.
Your tail-slap misses the frilled lizard.
The giant cockroach bites you but does no damage.
The frilled lizard bites you but does no damage.
The giant cockroach bites you.
You take 1 damage, and have 7/14 hp.
You are too injured to fight recklessly!
You are too injured to fight recklessly!
You are too injured to fight recklessly!
You closely miss the giant cockroach. The giant cockroach barely misses you.
You hit the giant cockroach but do no damage.
Your tail-slap misses the giant cockroach.
The giant cockroach bites you but does no damage.
You closely miss the giant cockroach.
The giant cockroach bites you but does no damage.
You barely miss the giant cockroach.
You tail-slap the giant cockroach, but do no damage.
The giant cockroach barely misses you.
You hit the giant cockroach.
You kill the giant cockroach!
The hobgoblin hits you with a club.
You take 1 damage, and have 7/14 hp.
You hit the frilled lizard but do no damage.
The frilled lizard barely misses you. The hobgoblin hits you with a club.
* * * LOW HITPOINT WARNING * * *
You take 4 damage, and have 3/14 hp.
MASSIVE DAMAGE!!
You hit the frilled lizard.
You kill the frilled lizard!
The hobgoblin barely misses you.
Aim: a hobgoblin, wielding a club The flame tongue hits the hobgoblin.
The hobgoblin hits you with a club.
You die...

#. #....#.#..####
#. ##.##..#..#.##.
#. #..##..#####...
#.###..##.#.##..###
#.†.#...(.###.#####
#...#.##### # #.#
#.....# ##. ##†#.##
## #@#.# #.g.#
#.### ... #.# #.#
#.# #.#


You could see a hobgoblin.

Vanquished Creatures
  A giant cockroach (D:1)
  A ball python (D:1)
  A frilled lizard (D:1)
3 creatures vanquished.

Notes
Turn   | Place    | Note
-------+----------+-------------------------------------------
     0 | D:1      | Yawgmoth the Draconian Fire Elementalist began the quest for the Orb.
     0 | D:1      | Reached XP level 1. HP: 14/14 MP: 3/3
    76 | D:1      | HP: 3/14 [hobgoblin/club (4)]
    78 | D:1      | Slain by a hobgoblin

Action                   || total
-------------------------++-------
Melee: Unarmed           ||    20
       Tailslap          ||     2
 Cast: Flame Tongue      ||     3
Armor: Skin              ||    11
Dodge: Dodged            ||    24

Vault maps used:
D:1:      dpeg_arrival_signposts

Table legend:
 A = Turns spent in this place as a percentage of turns spent in the entire game.
 B = Non-inter-level travel turns spent in this place as a percentage of non-inter-level travel turns spent in the entire game.
 C = Inter-level travel turns spent in this place as a percentage of turns spent in this place.
 D = Turns resting spent in this place as a percentage of non-inter-level travel turns spent in this place.
 E = Turns spent auto-exploring this place as a percentage of non-inter-level travel turns spent in this place.
 F = Non-inter-level travel turns spent in this place divided by the number of levels of this place that you've seen.
                   A       B       C       D       E      F
               +-------+-------+-------+-------+-------+----------------------
         Total | 100.0 | 100.0 |   0.0 |   0.0 |   1.9 |  52.0
       Dungeon | 100.0 | 100.0 |   0.0 |   0.0 |   1.9 |  52.0
               +-------+-------+-------+-------+-------+----------------------

Table legend:
 A = Kills in this place as a percentage of kills in entire the game.
 B = Kills by you in this place as a percentage of kills by you in the entire game.
 C = Kills by friends in this place as a percentage of kills by friends in the entire game.
 D = Other kills in this place as a percentage of other kills in the entire game.
 E = Experience gained in this place as a percentage of experience gained in the entire game.
 F = Experience gained in this place divided by the number of levels of this place that you have seen.
                   A       B       C       D       E      F
               +-------+-------+-------+-------+-------+----------------------
         Total | 100.0 | 100.0 |  -nan |  -nan | 100.0 |   4.0
       Dungeon | 100.0 | 100.0 |  -nan |  -nan | 100.0 |   4.0
               +-------+-------+-------+-------+-------+----------------------
